 Dungeon Crawl Stone Soup version 0.29.0-4-gdea44cf6ec (webtiles) character file.

Game seed: 1536833400400229918

7 qw the Vexing (level 2, -1/27 HPs)
             Began as an Ogre Enchanter on Sept 3, 2022.
             Slain by a frilled lizard (2 damage)
             ... on level 1 of the Dungeon.
             The game lasted 00:00:14 (229 turns).

qw the Vexing (Ogre Enchanter)                       Turns: 229, Time: 00:00:15

Health: -1/27      AC:  3    Str: 11    XL:     2   Next: 0%
Magic:  5/5        EV:  9    Int: 16    God:
Gold:   22         SH:  0    Dex:  9    Spells: 5/5 levels left

rFire   . . .      SeeInvis .   a - +1 dagger
rCold   . . .      Faith    .   (no shield)
rNeg    . . .      Spirit   .   b - +0 robe
rPois   .          Reflect  .   (helmet restricted)
rElec   .          Harm     .   (no cloak)
rCorr   .          Rampage  .   (gloves unavailable)
Will    .....                   (boots unavailable)
Stlth   ++........              (no amulet)
HPRegen 0.09/turn               (no ring)
MPRegen 0.09/turn               (no ring)

@: no status effects
A: large, unfitting armour, tough skin 1
a: no special abilities


You were on level 1 of the Dungeon.
You visited 1 branch of the dungeon, and saw 1 of its levels.

You collected 22 gold pieces.


Innate Abilities, Weirdness & Mutations

You are too large for most types of armour.
You have tough skin. (AC +1)


   Skills:
 + Level 1.3 Fighting
 - Level 0.8 Short Blades
 - Level 1.0 Axes
 - Level 1.7 Dodging
 - Level 2.1 Stealth
 - Level 2.4 Spellcasting
 - Level 2.6 Hexes


You had 5 spell levels left.
You didn't know any spells.
Your spell library contained the following spells:

 Spells                   Type           Power      Damage    Failure   Level
 Ensorcelled Hibernation  Hex/Ice        12%        N/A       17%         2
 Confusing Touch          Hex            10%        N/A       21%         3
 Tukima's Dance           Hex            10%        N/A       21%         3
 Dazzling Flash           Conj/Hex       12%        N/A       34%         3

Inventory:

Hand Weapons
 a - a +1 dagger (weapon)
Armour
 b - a +0 robe (worn)
Scrolls
 d - a scroll of teleportation {unknown}
Potions
 c - 2 potions of invisibility

Dungeon Overview and Level Annotations

Branches:
Dungeon (1/15)

Altars:


Message History

The kobold hits you with a +0 short sword.
You completely miss the kobold.
The kobold is severely wounded.
The kobold hits you with a +0 short sword.
216 ||| Stepping ~*~*~tactically~*~*~ (outnumbered).
217 ||| Stepping ~*~*~tactically~*~*~ (outnumbered).
The kobold attacks as you move away!
The kobold hits you with a +0 short sword.
The frilled lizard hisses angrily.
218 ||| Stepping ~*~*~tactically~*~*~ (outnumbered).
The kobold throws a stone.
The stone hits you.
You hit the endoplasm.
The endoplasm is moderately wounded.
You completely miss the endoplasm.
The endoplasm is moderately wounded.
The endoplasm freezes you.
You are frozen.
221 ||| Stepping ~*~*~tactically~*~*~ (outnumbered).
222 ||| Stepping ~*~*~tactically~*~*~ (outnumbered).
223 ||| Stepping ~*~*~tactically~*~*~ (outnumbered).
You hit the endoplasm.
The endoplasm is severely wounded.
The endoplasm barely misses you.
225 ||| Stepping ~*~*~tactically~*~*~ (outnumbered).
The frilled lizard attacks as you move away!
The frilled lizard closely misses you.
You hit the endoplasm.
The endoplasm is severely wounded.
The endoplasm freezes you.
You are frozen.
You hit the endoplasm.
You kill the endoplasm!
Your Fighting skill increases to level 1!
You hit the frilled lizard.
You kill the frilled lizard!
You have reached level 2!
You hit the frilled lizard.
The frilled lizard is heavily wounded.
The frilled lizard bites you.
You die...

#....%........................
#.....###..##.................
#.....# ##.##.#.##.....!......
..#...####............##.##...
.##.........)#.#......#...# #
#...####...#.###l.........
###.##.......# #....#..$#..
###........###....##.## ..
#..#......#@lK......$. .
####........#..........
........#..#.##..###
#..........##.# .##
........#### .. # ........#
.## ...... .....#


You could see a kobold and a frilled lizard.

Vanquished Creatures
  A ball python (D:1)
  2 endoplasms (D:1)
  A goblin (D:1)
  A frilled lizard (D:1)
  A rat (D:1)
6 creatures vanquished.

Vanquished Creatures (others)
  2 plants (D:1)
2 creatures vanquished.

Grand Total: 8 creatures vanquished

Notes
Turn   | Place    | Note
-------+----------+-------------------------------------------
     0 | D:1      | qw the Ogre Enchanter began the quest for the Orb.
     0 | D:1      | Reached XP level 1. HP: 16/16 MP: 3/3
     0 | D:1      | 0 ||| qw: Version: 0.1-a-102-g441f92d
     0 | D:1      | 0 ||| qw: Game counter: 5208
     0 | D:1      | 0 ||| qw: Always use a shield: true
     0 | D:1      | 0 ||| qw: God list: Okawaru
     0 | D:1      | 0 ||| qw: Allow faded altars: false
     0 | D:1      | 0 ||| qw: Do Orc after D:15 true
     0 | D:1      | 0 ||| qw: Do second Lair branch before Depths: true
     0 | D:1      | 0 ||| qw: Lair rune preference: random
     0 | D:1      | 0 ||| qw: Plans: Normal
     0 | D:1      | 0 ||| PLANNING D:1-11
    68 | D:1      | 68 ||| Stepping ~*~*~tactically~*~*~ (stealth).
    70 | D:1      | 70 ||| Stepping ~*~*~tactically~*~*~ (stealth).
    76 | D:1      | Reached skill level 1 in Axes
   111 | D:1      | 111 ||| Stepping ~*~*~tactically~*~*~ (stealth).
   112 | D:1      | 112 ||| Stepping ~*~*~tactically~*~*~ (stealth).
   115 | D:1      | 115 ||| Stepping ~*~*~tactically~*~*~ (stealth).
   116 | D:1      | 116 ||| Stepping ~*~*~tactically~*~*~ (stealth).
   117 | D:1      | 117 ||| Stepping ~*~*~tactically~*~*~ (stealth).
   118 | D:1      | 118 ||| Stepping ~*~*~tactically~*~*~ (stealth).
   119 | D:1      | 119 ||| Stepping ~*~*~tactically~*~*~ (stealth).
   121 | D:1      | 121 ||| Stepping ~*~*~tactically~*~*~ (stealth).
   170 | D:1      | 170 ||| Stepping ~*~*~tactically~*~*~ (stealth).
   216 | D:1      | 216 ||| Stepping ~*~*~tactically~*~*~ (outnumbered).
   217 | D:1      | 217 ||| Stepping ~*~*~tactically~*~*~ (outnumbered).
   218 | D:1      | 218 ||| Stepping ~*~*~tactically~*~*~ (outnumbered).
   220 | D:1      | HP: 2/18 [frozen (3)]
   221 | D:1      | 221 ||| Stepping ~*~*~tactically~*~*~ (outnumbered).
   222 | D:1      | 222 ||| Stepping ~*~*~tactically~*~*~ (outnumbered).
   223 | D:1      | 223 ||| Stepping ~*~*~tactically~*~*~ (outnumbered).
   225 | D:1      | 225 ||| Stepping ~*~*~tactically~*~*~ (outnumbered).
   226 | D:1      | HP: 1/18 [frozen (2)]
   228 | D:1      | Reached skill level 1 in Fighting
   229 | D:1      | Reached XP level 2. HP: 1/27 MP: 5/5
   229 | D:1      | Slain by a frilled lizard

Levels and vault maps discovered:
D:1:      noname_arrival_rooms_in_the_neighbourhood, layout_rooms,
          glass_columns_a, serial_bayou_lagoon_a, minmay_tromino_v4_b

Skill      XL: |  1 |
---------------+----+-----
Axes           | 1 |  1.0
Fighting       | 1 |  1.3
Short Blades   | |  0.8
Dodging        | |  1.7
Stealth        | |  2.1
Spellcasting   | |  2.4
Hexes          | |  2.6

Action                   || total
-------------------------++-------
Melee: Dagger            ||    31
Armor: Robe              ||     4
Dodge: Dodged            ||    11

Table legend:
 A = Non-vault XP
 B = Vault XP
 C = Vault XP percentage of total XP
 D = Non-vault monster count
 E = Vault monster count
 F = Vault count percentage of total count
                 A         B        C        D         E       F
            +---------+---------+-------+---------+---------+-------
      Total |      10 |       0 |   0.0 |       6 |       0 |   0.0
            +---------+---------+-------+---------+---------+-------
        D:1 |      10 |       0 |   0.0 |       6 |       0 |   0.0
            +---------+---------+-------+---------+---------+-------
